 Dungeon Crawl Stone Soup version 0.17.1-3-g152610e (webtiles) character file.

8 juanjsm the Digger (level 2, 0/15 HPs)
             Began as a Gargoyle Earth Elementalist on Mar 12, 2016.
             Slain by a bat (1 damage)
             ... on level 1 of the Dungeon.
             The game lasted 00:06:32 (251 turns).

juanjsm the Digger (Gargoyle Earth Elementalist)     Turns: 251, Time: 00:06:33

Health: 0/15       AC:  2    Str: 11    XL:     2   Next: 8%
Magic:  3/5        EV: 12    Int: 15    God:
Gold:   14         SH:  0    Dex: 10    Spells: 2 memorised, 2 levels left

rFire  . . .     SeeInvis .     (no weapon)
rCold  . . .     Clarity  .     (no armour)
rNeg   + . .     SustAt   .     (no shield)
rPois  ∞         Gourm    .     (no helmet)
rElec  +         Spirit   .     (no cloak)
rCorr  .         Warding  .     (no gloves)
rMut   .         Stasis   .     (no boots)
MR     .....                    (no amulet)
Stlth  ++........               (no ring)
                                (no ring)

@: not resistant to hostile enchantments, unstealthy
A: negative energy resistance 1, electricity resistance, unbreathing,
petrification resistance, rot immunity, AC +2
a: no special abilities


You were on level 1 of the Dungeon.
You were not hungry.

You visited 1 branch of the dungeon, and saw 1 of its levels.

You collected 14 gold pieces.

Inventory:

Missiles
 b - 20 stones (quivered)
Armour
 a - a +0 robe
 n - a +0 leather armour
Scrolls
 e - a scroll of fear {unknown}
 i - a scroll of identify {unknown}
 j - a scroll of immolation {unknown}
 m - a scroll of teleportation {unknown}
Potions
 g - a potion of cancellation {unknown}
 h - a potion of curing {unknown}
 k - a potion of degeneration {unknown}
 l - a potion of flight {unknown}
Books
 c - a book of Geomancy

   Spells                             Type                      Level
   a - Sandblast                      Earth                        1
   b - Stoneskin                      Transmutation/Earth          2
   c - Passwall                       Transmutation/Earth          3
   d - Stone Arrow                    Conjuration/Earth            3
   e - Petrify                        Transmutation/Earth          4
   f - Lee's Rapid Deconstruction     Earth                        5
Comestibles
 d - a bread ration
 f - 2 chunks of flesh


   Skills:
 + Level 1.7 Dodging
 + Level 2.1 Stealth
 + Level 2.1 Spellcasting
 + Level 0.7 Transmutations
 + Level 4.0 Earth Magic


You had 2 spell levels left.
You knew the following spells:

 Your Spells              Type           Power        Failure   Level  Hunger
a - Sandblast             Erth           ##....       4%          1    #......
b - Stoneskin             Trmt/Erth      #.......     14%         2    ###....


Dungeon Overview and Level Annotations

Branches:
Dungeon (1/15)

Altars:


Innate Abilities, Weirdness & Mutations

You are resistant to torment.
Your stone body is resilient (AC +2).
You are immune to poison.
You resist negative energy.
You are resistant to electric shocks.
You can survive without breathing.
You are immune to petrification.
You are immune to rotting.


Message History

You kill the goblin!
The bat misses you.
You barely miss the bat. The bat hits you.
You hit the goblin.
The goblin is heavily wounded.
The bat hits you. The bat barely misses you. The goblin misses you.
Casting: Sandblast
Confirm with . or Enter, or press ? or * to list all spells.
Aiming: Sandblast
Press: ? - help, Shift-Dir - straight line, f - bat
Aim: a bat The blast of sand hits the bat.
The bat is severely wounded.
The bat misses you. The goblin hits you.
* * * LOW HITPOINT WARNING * * *
The bat hits you.
* * * LOW HITPOINT WARNING * * *
The bat barely misses you. The bat hits you.
You die...

#........##..>.....#
#######.........##.......#
..........................
######).......#......####
#####K####....##.#..#
#......# ###..#........
##.....g# #............
#.[.....#####.#..........
##.##...b@..##............
#
#..##..##...##............
#.
#.÷##..##.................
#..#####..##..#####..#.#
#.#.#. #....###..##..###
#....###....#
#....##..##..# #...........
##..)##<.##..# #.........#
#.##..##..#######....#....#
...
#..##..##...............


You could see a goblin, a bat and a kobold.

Vanquished Creatures
  2 hobgoblins (D:1)
  A ball python (D:1)
  3 bats (D:1)
  A giant newt (D:1)
  2 goblins (D:1)
  A rat (D:1)
10 creatures vanquished.

Notes
Turn   | Place    | Note
--------------------------------------------------------------
     0 | D:1      | juanjsm the Gargoyle Earth Elementalist began the quest for the Orb.
     0 | D:1      | Reached XP level 1. HP: 10/10 MP: 3/3
    98 | D:1      | Reached XP level 2. HP: 3/15 MP: 0/5
   105 | D:1      | Learned a level 2 spell: Stoneskin
   219 | D:1      | Reached skill level 4 in Earth Magic
   251 | D:1      | Slain by a bat

Action                   || total
-------------------------++-------
Melee: Unarmed           ||    22
 Cast: Sandblast         ||    11
